cohdb
Replays
Latest Replays
All Replays
Popular Replays
Top Player Replays
Match Explorer
How It Works
Community
CoH3 Stats
Reddit
Sign in to upload your games and track your stats! →
Sign in with Steam
Match 41366518
Unlisted
Match 41366518
Overview
Messages
Build Orders
End
Engineer Squad
Construct Barracks
Riflemen Squad
Riflemen Squad
Riflemen Squad
Mechanized Support Center
Construct Medical Station
Selects Heavy Weapons
Selects Assault Carriers
Selects Exchangeable Parts
Grenade Package
Engineer Squad
Construct Motor Pool
M3 75 mm Gun Motor Carriage
Designate Forward Repair Station
M8 Greyhound Armored Car
Improvised Armor
M3 75 mm Gun Motor Carriage
M1918 Browning Automatic Rifles
Selects M26 Pershing Heavy Tank
M26 Pershing Heavy Tank
guany
(502) Bad Gateway
0
0
Comments
sign in to comment!
No comments posted yet!